 Dungeon Crawl Stone Soup version 0.29-a0-90-gc37658a0fe (webtiles) character file.

Game seed: 1131455603841325443

104729 lordive the Brawler (level 15, -14/130 HPs)
             Began as a Troll Hunter on Feb 7, 2022.
             Was a Priest of Cheibriados.
             Killed by divine providence
             ... invoked by a smoke demon
             ... summoned by Mlioglotl
              (16 damage)
             ... on level 1 of the Shoals.
             The game lasted 00:53:41 (24154 turns).

lordive the Brawler (Troll Hunter)                 Turns: 24154, Time: 00:53:42

Health: -14/130    AC: 11    Str: 32    XL:     15   Next: 92%
Magic:  10/19      EV: 19    Int: 27    God:    Cheibriados [***...]
Gold:   2562       SH: 14    Dex: 18    Spells: 13/19 levels left

rFire   . . .      SeeInvis +     - Unarmed
rCold   . . .      Faith    .   P - +0 kite shield
rNeg    . . .      Spirit   .   X - +0 steam dragon scales
rPois   +          Reflect  +   (helmet restricted)
rElec   .          Harm     .   E - +2 cloak of Hadjma {rPois Int+6}
rCorr   .          Rampage  .   (gloves unavailable)
Will    +....                   (boots unavailable)
Stlth   +++.......              T - amulet of reflection
HPRegen 1.11/turn               y - +4 ring of evasion
MPRegen 0.16/turn               V - ring of see invisible

@: mighty, about to teleport, afraid, very slow
A: large, unfitting armour, claws 3, regeneration 1, shaggy fur 1, tough skin 1,
frail 1
a: Renounce Religion, Bend Time, Temporal Distortion


You were on level 1 of the Shoals.
You worshipped Cheibriados.
Cheibriados was most pleased with you.
You visited 5 branches of the dungeon, and saw 24 of its levels.
You also visited: Ossuary and Ice Cave.

You collected 2588 gold pieces.
You spent 26 gold pieces at shops.

Inventory:

Missiles
 c - 14 large rocks (quivered)
 d - 10 throwing nets
 R - 5 curare-tipped darts
Armour
 E - the +2 cloak of Hadjma (worn) {rPois Int+6}
   (You found it on level 7 of the Dungeon)

   Int:       It affects your intelligence (+6).
   rPois:     It protects you from poison.
 P - a +0 kite shield (worn)
 X - +0 steam dragon scales (worn)
Jewellery
 y - a +4 ring of evasion (left claw)
 J - a ring of positive energy
 K - a ring of protection from cold
 T - an amulet of reflection (around neck)
 V - a ring of see invisible (right claw)
Wands
 a - a wand of iceblast (32)
 b - a wand of paralysis (7)
 l - a wand of mindburst (6)
 M - a wand of flame (11)
 S - a wand of charming (3)
 Y - a wand of acid (5)
Scrolls
 h - 3 scrolls of teleportation
 k - a scroll of acquirement {unknown}
 m - 2 scrolls of silence {unknown}
 p - a scroll of brand weapon {unknown}
 s - 2 scrolls of vulnerability {unknown}
 v - 6 scrolls of noise {unknown}
 x - 4 scrolls of enchant armour {unknown}
 B - a scroll of holy word {unknown}
 C - 2 scrolls of fear {unknown}
 H - 3 scrolls of fog {unknown}
 N - 5 scrolls of enchant weapon {unknown}
 O - a scroll of immolation {unknown}
 Q - 2 scrolls of blinking {unknown}
 W - 2 scrolls of magic mapping {unknown}
Potions
 e - 13 potions of curing
 o - 3 potions of resistance
 r - 2 potions of lignification
 t - 5 potions of flight
 u - 6 potions of ambrosia
 w - a potion of berserk rage
 z - 7 potions of brilliance
 A - 3 potions of cancellation
 D - a potion of might


   Skills:
 * Level 8.4 Fighting
 * Level 9.0 Throwing
 * Level 7.0 Armour
 * Level 11.0 Dodging
 + Level 3.9 Stealth
 * Level 3.0 Shields
 + Level 16.0 Unarmed Combat
 * Level 2.9 Spellcasting
 * Level 4.4 Translocations
 * Level 1.6 Transmutations
 * Level 2.1 Earth Magic
 * Level 7.9 Invocations


You had 13 spell levels left.
You knew the following spells:

 Your Spells              Type           Power      Damage    Failure   Level
a - Teleport Other        Tloc           27%        N/A       11%         3
b - Lesser Beckoning      Tloc           27%        N/A       11%         3

Your spell library contained the following spells:

 Spells                   Type           Power      Damage    Failure   Level
 Gell's Gravitas          Tloc           27%        N/A       11%         3
 Sting                    Tmut/Pois      32%        1d4       16%         1
 Portal Projectile        Hex/Tloc       30%        N/A       26%         3
 Corpse Rot               Necr/Air       6%         N/A       32%         2
 Poisonous Vapours        Pois/Air       6%         N/A       32%         2
 Scorch                   Fire           6%         2d5       32%         2
 Sublimation of Blood     Necr           3%         N/A       32%         2
 Dazzling Flash           Conj/Hex       6%         N/A       54%         3
 Iskenderun's Mystic Bla  Conj/Tloc      15%        2d5       63%         4
 Petrify                  Tmut/Erth      14%        N/A       67%         4
 Ice Form                 Ice/Tmut       8%         N/A       83%         4
 Cause Fear               Hex            1%         N/A       91%         4
 Dispel Undead            Necr           3%         3d7       91%         4
 Flame Wave               Conj/Fire      3%         2d4       91%         4
 Hailstorm                Conj/Ice       3%         3d3       91%         4
 Olgreb's Toxic Radiance  Pois           3%         N/A       91%         4
 Blade Hands              Tmut           6%         N/A       96%         5
 Excruciating Wounds      Necr           1%         N/A       99%         5
 Fireball                 Conj/Fire      1%         3d3       99%         5
 Irradiate                Conj/Tmut      4%         3d15      99%         5
 Iskenderun's Battlesphe  Conj           3%         2d6       99%         5
 Dispersal                Tloc           13%        N/A       99%         6
 Conjure Ball Lightning   Conj/Air       1%         3x3d6     100%        6
 Death Channel            Necr           1%         N/A       100%        6
 Simulacrum               Ice/Necr       1%         N/A       100%        6
 Starburst                Conj/Fire      1%         6d3       100%        6
 Summon Cactus Giant      Summ           1%         N/A       100%        6
 Dragon Form              Tmut           6%         N/A       100%        7
 Orb of Destruction       Conj           1%         9d5       100%        7
 Ozocubu's Refrigeration  Ice            1%         4d5       100%        7
 Disjunction              Tloc           13%        N/A       100%        8
 Ignition                 Fire           1%         3d3       100%        8
 Death's Door             Necr           1%         N/A       100%        9
 Dragon's Call            Summ           1%         N/A       100%        9


Dungeon Overview and Level Annotations

Branches:
Dungeon (14/15)            Temple (1/1) D:5            Lair (6/6) D:11
 Shoals (1/4) Lair:2        Snake (0/4) Lair:3          Orc (2/2) D:11
    Elf (0/3) Orc:2        Vaults (0/5) D:14        Ossuary (visited)
  IceCv (visited)
  Slime: Lair:5-6

Altars:
Ashenzari
Cheibriados
Dithmenos
Elyvilon
Fedhas
Gozag
Hepliaklqana
Kikubaaqudgha
Makhleb
Nemelex Xobeh
Okawaru
Qazlal
Ru
Sif Muna
Trog
Uskayaw
Vehumet
Wu Jian
Xom
Yredelemnul
Zin
The Shining One
Beogh

Shops:
D:2 (   D:14 [*(   Orc:1 =   Orc:2 !*([

Portals:
Abyss: D:7

Annotations:
D:11 1 runed translucent door, Atlas's ghost, journeyman DsIE
Lair:3 Rupert
Shoals:1 Mlioglotl


Innate Abilities, Weirdness & Mutations

You are too large for most types of armour.
You have claws for hands.
Your natural rate of healing is unusually fast.
You are covered in fur. (AC +1)
You have tough skin. (AC +1)
You are frail. (-10% HP)


Message History

The starcursed mass shrieks in your mind.
* * * LOW HITPOINT WARNING * * *
Unknown command.
Unknown command.
Unknown command.
As you read the scroll of teleportation, it crumbles to dust.
You feel strangely unstable.
A nearby plant withers and dies.
The demonic crawler completely misses you.
The demonic crawler misses you. You block the demonic crawler's attack.
Mlioglotl churns violently!
Mlioglotl corrupts the dungeon around him!
The merfolk barely misses you.
The snapping turtle bites you from afar.
* * * LOW HITPOINT WARNING * * *
A starcursed mass splits.
The demonic crawler shrieks in warning!
Mlioglotl hits you!
* * * LOW HITPOINT WARNING * * *
Mlioglotl barely misses you.
The smoke demon roars!
The white imp shouts, "Get thee gone, thou puking moon-mazed flim-flammer!"
You hear a chilling moan.
You hear a shout! x5; You hear an angry hiss.
You hear a screech!
You hear a bleat!
You hear a screech!
You hear a bleat!
You hear a shout!
You hear a bleat!
You claw the demonic crawler!
You kill the demonic crawler!
The demonic crawler's corpse disappears in a puff of smoke!
The merfolk hits you from afar with a +0 trident!
* * * LOW HITPOINT WARNING * * *
You block the snapping turtle's attack.
Mlioglotl churns violently!
Mlioglotl seems to grow stronger.
The starcursed mass touches the plant!
Unknown command.
Unknown command.
You mangle Mlioglotl!!
Mlioglotl is severely wounded.
A nearby plant withers and dies. x2; The merfolk completely misses you.
The smoke demon gestures at you. Something smites you!
You die...

...≈≈P ..≈≈≈ ≈
#.... ≈≈###...#
≈≈≈≈≈≈≈?#
≈≈≈≈≈≈≈§##
≈≈≈≈≈)≈..# ≈
.....≈.@.# ≈P≈
##..≈≈.#X###..≈≈#
##.≈tm..<...#.≈.
#.≈x≈≈....x≈≈≈.
.3≈≈≈≈≈≈≈5≈P≈≈≈≈
...≈≈≈≈≈≈≈≈≈≈≈≈≈≈
....(≈≈≈≈≈XP≈P≈≈≈
≈..≈≈≈≈≈≈≈≈≈X≈≈≈≈
...≈P≈P≈≈≈≈≈≈≈≈≈


You could see 2 starcursed masses, Mlioglotl (strong, scary), a snapping turtle,
a merfolk, a smoke demon (summoned), 2 small abominations and a white imp
(summoned).

Vanquished Creatures
  Saint Roka (Orc:2)
  A frost giant (D:14)
  Louise (D:14)
  A fire giant (D:14)
  A ghoul (D:14)
  The ghost of Sidghehi the Bringer of Light, a journeyman HuFi of the Shining One (Lair:5)
  Nessos (D:12)
  Azrael (D:13)
  An ettin (D:14)
  Josephine (D:10)
  Harold (D:10)
  Erolcha (D:12)
  8 hydras
  2 ogre magi (D:14)
  A merfolk avatar (Lair:6)
  2 ironbound frosthearts (IceCv)
  4 centaur warriors
  A death knight (D:14)
  8 death yaks
  7 two-headed ogres
  2 tengu warriors
  2 orc high priests (Orc:2)
  Sonja (D:13)
  A sea snake (shapeshifter) (D:14)
  A sea snake (Lair:2)
  12 skeletal warriors
  A flayed ghost (D:14)
  Pikel (D:5)
  A death drake (shapeshifter) (D:14)
  A harpy (Lair:6)
  An orange crystal statue (D:12)
  A wizard (D:14)
  A deep elf zephyrmancer (D:14)
  2 deep elf pyromancers
  8 ugly things
  2 manticores
  An orc sorcerer (Orc:2)
  A cyclops (D:14)
  An oklob plant (Lair:6)
  An ice statue (IceCv)
  3 black mambas
  23 elephants
  Joseph (D:10)
  A torpor snail (Lair:6)
  A rime drake (shapeshifter) (D:14)
  11 cane toads
  Psyche (D:10)
  6 rime drakes
  2 kobold demonologists (D:12)
  An efreet (D:14)
  9 komodo dragons
  2 tengu conjurers (D:14)
  2 trolls
  A merfolk (Shoals:1)
  4 hornets
  15 polar bears
  A slime creature (D:14)
  The ghost of hgbash the Digger, an amateur GrEE (D:7)
  Grinder (D:5)
  A snapping turtle (Lair:6)
  14 blink frogs
  10 dream sheep
  A water elemental (D:14)
  A wyvern (Lair:6)
  8 wraiths
  62 yaks
  3 fire elementals (D:13)
  A vampire (D:10)
  10 basilisks
  A steam dragon (Lair:6)
  Grum (D:8)
  8 vampire mosquitoes
  3 nagas (Lair:3)
  3 wargs
  2 hell hounds (D:13)
  An acid dragon (D:10)
  7 water moccasins
  2 black bears
  32 orc warriors
  A sky beast (shapeshifter) (D:14)
  An ice beast (D:6)
  The ghost of Cecur the Skirmisher, an amateur FoWn (D:3)
  9 ogres
  3 necrophages
  19 wolves
  9 centaurs
  A phantom (D:7)
  3 small abominations (D:7)
  2 kobold brigands (D:12)
  2 scorpions
  8 bullfrogs
  A wyvern zombie (D:5)
  A gnoll sergeant (D:8)
  25 killer bees
  The ghost of HallandMoats the Skirmisher, a weakling DsFi of Okawaru (D:3)
  8 wights
  2 electric eels
  A crimson imp (D:7)
  8 howler monkeys
  7 centaur zombies
  A gnoll shaman (D:6)
  4 hounds
  24 orc priests
  Terence (D:3)
  2 centaur skeletons
  8 iguanas
  27 orc wizards
  7 hell rats (Lair:2)
  A troll simulacrum (D:11)
  11 mummies
  A howler monkey zombie (D:7)
  Robin (D:3)
  4 gnolls (D:8)
  4 adders
  A white imp (D:8)
  An ufetubus (D:4)
  An adder skeleton (D:4)
  4 worms
  4 dart slugs
  93 orcs
  9 endoplasms
  A giant cockroach (D:2)
  A gnoll zombie (Ossuary)
  15 goblins
  5 hobgoblins
  8 jackals
  3 kobolds
  5 quokkas
  5 ball pythons
  4 bats
  5 frilled lizards
  A hobgoblin zombie (Ossuary)
  4 kobold zombies (Ossuary)
  2 orc zombies (Ossuary)
  7 rats
  A spectral hobgoblin (D:6)
733 creatures vanquished.

Vanquished Creatures (others)
  A water moccasin (Lair:6)
  11 fungi
  42 plants
54 creatures vanquished.

Grand Total: 787 creatures vanquished

Notes
Turn   | Place    | Note
-------+----------+-------------------------------------------
     0 | D:1      | lordive the Troll Hunter began the quest for the Orb.
     0 | D:1      | Reached XP level 1. HP: 19/19 MP: 0/0
    57 | D:1      | Reached XP level 2. HP: 27/27 MP: 1/1
   400 | D:1      | Reached XP level 3. HP: 32/35 MP: 2/2
   569 | D:2      | Reached skill level 1 in Unarmed Combat
   596 | D:2      | Reached XP level 4. HP: 42/42 MP: 3/3
   618 | D:2      | Found Jibbugem's Antique Weapon Shop.
   765 | D:2      | Found a faded altar of an unknown god.
   783 | D:2      | Noticed a scorpion
   793 | D:2      | Killed a scorpion
   794 | D:2      | Reached skill level 2 in Unarmed Combat
  1057 | D:2      | Reached XP level 5. HP: 49/49 MP: 4/4
  1332 | D:3      | Found a runed translucent gate.
  1332 | D:3      | Found a runed translucent gate.
  1332 | D:3      | Found a runed translucent gate.
  1333 | D:3      | Noticed HallandMoats's ghost (weakling DsFi)
  1334 | D:3      | Noticed Cecur's ghost (amateur FoWn)
  1364 | D:3      | Noticed Robin
  1382 | D:3      | Killed Robin
  1522 | D:3      | Noticed Terence
  1534 | D:3      | Killed Terence
  1535 | D:3      | Reached skill level 3 in Unarmed Combat
  1798 | D:4      | Noticed an ogre
  1804 | D:4      | Killed an ogre
  1805 | D:4      | Reached XP level 6. HP: 40/57 MP: 5/5
  2108 | D:4      | Reached skill level 4 in Unarmed Combat
  2187 | D:4      | Reached skill level 1 in Stealth
  2330 | D:4      | Reached XP level 7. HP: 66/66 MP: 6/6
  2631 | D:5      | Entered Level 5 of the Dungeon
  2642 | D:5      | Found a staircase to the Ecumenical Temple.
  2642 | D:5      | Noticed Grinder
  2648 | D:5      | Paralysed by Grinder for 4 turns
  2662 | D:5      | Paralysed by Grinder for 3 turns
  2673 | D:5      | Killed Grinder
  2674 | D:5      | Reached skill level 5 in Unarmed Combat
  2784 | D:5      | Noticed a wraith
  2786 | D:5      | Noticed Pikel
  2833 | D:5      | Killed Pikel
  2834 | D:5      | Reached skill level 6 in Unarmed Combat
  2834 | D:5      | Reached XP level 8. HP: 12/75 MP: 7/7
  2901 | D:5      | Reached skill level 7 in Unarmed Combat
  2946 | D:5      | Found a sand-covered staircase.
  2969 | Ossuary  | Entered an ossuary
  3443 | Temple   | Entered the Ecumenical Temple
  3523 | Temple   | Became a worshipper of Cheibriados the Contemplative
  4233 | D:6      | Reached skill level 8 in Unarmed Combat
  4300 | D:6      | Found a stormy altar of Qazlal.
  4526 | D:6      | Reached XP level 9. HP: 84/84 MP: 8/8
  4546 | D:6      | Reached skill level 5 in Dodging
  4752 | D:6      | Found a hazy altar of Hepliaklqana.
  4755 | D:6      | Reached * piety under Cheibriados
  4910 | D:7      | Reached skill level 9 in Unarmed Combat
  4965 | D:7      | Found a transporter.
  5189 | D:7      | Found a transporter.
  5296 | D:7      | Reached skill level 10 in Unarmed Combat
  5436 | D:7      | Found a burning altar of Makhleb.
  5486 | D:7      | Reached ** piety under Cheibriados
  5525 | D:7      | Reached XP level 10. HP: 72/91 MP: 9/9
  5636 | D:7      | Identified the +2 cloak of Hadjma {rPois Int+6}
  5970 | D:8      | Noticed a two-headed ogre
  5978 | D:8      | Killed a two-headed ogre
  5979 | D:8      | Reached skill level 11 in Unarmed Combat
  6137 | D:8      | Noticed Grum
  6157 | D:8      | Killed Grum
  6159 | D:8      | HP: 4/94 [wolf[Grum] (5)]
  6432 | D:8      | Found a glowing silver altar of Zin.
  6433 | D:8      | Found a blossoming altar of Fedhas.
  6435 | D:8      | Found a shimmering blue altar of Sif Muna.
  6436 | D:8      | Found a sacrificial altar of Ru.
  6436 | D:8      | Found an ancient bone altar of Kikubaaqudgha.
  6437 | D:8      | Found a radiant altar of Vehumet.
  6437 | D:8      | Found a shadowy altar of Dithmenos.
  6438 | D:8      | Found a bloodstained altar of Trog.
  6565 | D:8      | Reached *** piety under Cheibriados
  6566 | D:8      | Reached skill level 1 in Armour
  6566 | D:8      | Reached skill level 1 in Invocations
  6673 | D:9      | Noticed a two-headed ogre
  6678 | D:9      | Killed a two-headed ogre
  6679 | D:9      | Reached skill level 5 in Throwing
  6821 | D:9      | Found an iron altar of Okawaru.
  6840 | D:9      | Reached skill level 5 in Fighting
  6937 | D:9      | Noticed a two-headed ogre
  6940 | D:9      | Killed a two-headed ogre
  7237 | D:9      | Reached **** piety under Cheibriados
  7238 | D:9      | Reached XP level 11. HP: 102/102 MP: 11/11
  7424 | D:10     | Entered Level 10 of the Dungeon
  7491 | D:10     | Noticed Psyche
  7493 | D:10     | Killed Psyche
  7498 | D:10     | Noticed Harold
  7511 | D:10     | Reached skill level 12 in Unarmed Combat
  7519 | D:10     | Killed Harold
  7837 | D:10     | Noticed Joseph
  7849 | D:10     | Noticed Josephine
  7868 | D:10     | Killed Josephine
  7872 | D:10     | Killed Joseph
  8474 | D:11     | Reached ***** piety under Cheibriados
  8563 | D:11     | Found a frozen archway.
  8611 | IceCv    | Entered an ice cave
  8872 | IceCv    | Reached XP level 12. HP: 78/113 MP: 13/13
  8967 | IceCv    | Noticed a death yak
  8967 | IceCv    | Noticed a death yak
  8967 | IceCv    | Found the +4 skin of Zhor {*Englaciate rC+++ SInv}
  8967 | IceCv    | Noticed a death yak
  8986 | IceCv    | Killed a death yak
  8992 | IceCv    | Killed a death yak
  8997 | IceCv    | Killed a death yak
  8998 | IceCv    | Reached skill level 13 in Unarmed Combat
  9072 | IceCv    | Noticed an ironbound frostheart
  9072 | IceCv    | Noticed an ironbound frostheart
  9095 | IceCv    | Killed an ironbound frostheart
  9110 | IceCv    | Killed an ironbound frostheart
  9187 | IceCv    | Identified the +6 hunting sling of Risk Management {venom,
                  | rElec rC+ Dex-4}
  9338 | D:11     | Noticed a two-headed ogre
  9340 | D:11     | Killed a two-headed ogre
  9419 | D:11     | Found a staircase to the Lair.
  9498 | D:11     | Found a runed translucent door.
  9865 | D:11     | Noticed Atlas's ghost (journeyman DsIE)
 10053 | D:11     | Found a staircase to the Orcish Mines.
 10339 | D:7      | Noticed hgbash's ghost (amateur GrEE)
 10379 | D:7      | Found a one-way gate to the infinite horrors of the Abyss.
 10388 | D:7      | Reached ****** piety under Cheibriados
 10394 | D:7      | Killed hgbash's ghost
 10629 | D:3      | Killed HallandMoats's ghost
 10631 | D:3      | Killed Cecur's ghost
 10858 | D:12     | Noticed a two-headed ogre
 10861 | D:12     | Killed a two-headed ogre
 10945 | D:12     | Found a bloodstained altar of Trog.
 10984 | D:12     | Learned a level 3 spell: Teleport Other
 11066 | D:12     | Noticed Nessos
 11071 | D:12     | Killed Nessos
 11108 | D:12     | Noticed Erolcha
 11194 | Lair:1   | Entered Level 1 of the Lair of Beasts
 11269 | Lair:1   | Reached XP level 13. HP: 123/123 MP: 15/15
 11475 | Lair:1   | Reached skill level 14 in Unarmed Combat
 11480 | Lair:1   | Reached skill level 1 in Translocations
 11729 | Lair:1   | Reached skill level 5 in Invocations
 12059 | Lair:2   | Reached skill level 5 in Armour
 12448 | Lair:2   | Found a staircase to the Shoals.
 13205 | Lair:3   | Noticed Rupert
 13548 | Lair:3   | Found a staircase to the Snake Pit.
 14916 | Lair:4   | Learned a level 3 spell: Lesser Beckoning
 15119 | Lair:5   | Found a runed translucent door.
 15120 | Lair:5   | Noticed Sidghehi's ghost (journeyman HuFi)
 15202 | Lair:5   | Reached XP level 14. HP: 85/133 MP: 17/17
 15660 | Lair:5   | Killed Sidghehi's ghost
 15723 | Lair:6   | Entered Level 6 of the Lair of Beasts
 16237 | Lair:6   | Reached skill level 15 in Unarmed Combat
 16243 | Lair:6   | Reached skill level 1 in Spellcasting
 16258 | Lair:6   | Reached skill level 10 in Dodging
 17999 | D:13     | Noticed Sonja
 18008 | D:13     | Killed Sonja
 18318 | D:12     | Killed Erolcha
 18443 | D:12     | Found a large runed translucent door.
 18443 | D:12     | Found a large runed translucent door.
 18785 | D:12     | Found a shimmering altar of Xom.
 18848 | D:12     | Reached XP level 15. HP: 10/143 MP: 9/19
 19416 | Orc:1    | Entered Level 1 of the Orcish Mines
 19558 | D:13     | Noticed Azrael
 19570 | D:13     | Killed Azrael
 20291 | Orc:1    | Found Vameolag's Jewellery Emporium.
 20639 | Orc:2    | Entered Level 2 of the Orcish Mines
 20639 | Orc:2    | Found a staircase to the Elven Halls.
 20658 | Orc:2    | Reached skill level 1 in Shields
 21168 | Orc:2    | Found Emach's Distillery.
 21204 | Orc:2    | Gained mutation: You are frail. (-10% HP) [a neqoxec]
 21402 | Orc:2    | Found Xoyhied's Assorted Antiques.
 21503 | Orc:2    | Noticed Saint Roka
 21522 | Orc:2    | HP: 14/288 [Saint Roka/divine providence (10)]
 21524 | Orc:2    | HP: 4/288 [Saint Roka/divine providence (12)]
 21525 | Orc:2    | Killed Saint Roka
 21526 | Orc:2    | Reached skill level 1 in Earth Magic
 21647 | Orc:2    | Found Reiqunwa's Antique Armour Shop.
 21652 | Orc:2    | Found Fiud's Antique Weapon Boutique.
 21869 | D:14     | Found Myag's Antique Weapon Emporium.
 22340 | D:14     | Found Wisery's Armour Shop.
 22341 | D:14     | Found Havyst's General Store.
 22373 | D:14     | Reached skill level 1 in Transmutations
 22385 | D:14     | Bought a scroll of identify for 26 gold pieces
 22410 | D:14     | Found a gate to the Vaults.
 22784 | D:14     | Found a runed translucent door.
 22960 | D:14     | Noticed a frost giant
 22961 | D:14     | Noticed a fire giant
 22965 | D:14     | Killed a fire giant
 22971 | D:14     | Killed a frost giant
 23061 | D:14     | Got the Papyrus of Evil Magic
 23069 | D:14     | Identified the +1 rapier "Cibumoopn" {freeze, rC+ Dex+2}
 23237 | D:14     | Noticed Louise
 23251 | D:14     | Killed Louise
 23615 | D:14     | Reached skill level 16 in Unarmed Combat
 24133 | Shoals:1 | Entered Level 1 of the Shoals
 24134 | Shoals:1 | Noticed Mlioglotl
 24153 | Shoals:1 | HP: 1/130 [merfolk (13)]
 24154 | Shoals:1 | Killed from afar by a smoke demon

Illustrated notes

Levels and vault maps discovered:
D:1:      wander_arrival_lonely_grave, layout_basic, minmay_statues_item,
          minmay_misc_feat_x
D:2:      layout_basic, shapermc_ecumenical_altar_starsandcircs, serial_shops,
          shop, supply_closet_lemuel
D:3:      layout_basic, gammafunk_ghost_cemetery, uniq_terence, uniq_robin
D:4:      layout_loops_ring
D:5:      layout_loops_ring, minmay_temple_entry_junction,
          nicolae_ossuary_entry_false_entrances, uniq_grinder, uniq_pikel
D:6:      layout_basic, nicolae_qazlal_eye_of_the_storm,
          nicolae_hepliaklqana_monster_ancestors, interstate_on_off,
          minmay_increasing_density
D:7:      layout_loops_corners, mainiacjoe_overflow_alcove_1,
          gammafunk_ghost_abyssal_escape, hangedman_abyss_or_decor_passed,
          minmay_circle_x
D:8:      layout_rooms, grunt_temple_overflow_open, uniq_grum
D:9:      layout_irregular_city, mainiacjoe_overflow_alcove_4,
          kennysheep_doodads, minmay_lizard_king
D:10:     layout_layer_cave, uniq_josephine, uniq_psyche, uniq_harold,
          uniq_joseph
D:11:     layout_layer_cave, erik_lair_orcish_takeover, orc_0_dummy,
          ebering_ghost_reflecting_pool, portal_ice_cave_entry_ice_simulacra
D:12:     due_chaos_kobolds, layout_gridville, trog_three_pillars_becter,
          uniq_nessos, uniq_erolcha
D:13:     layout_cave_pools, uniq_azrael, uniq_sonja
D:14:     kennysheep_bubble_arena, layout_stronghold, david_vaults_2,
          serial_undead, serial_undead_d, serial_undead_f, serial_undead_b,
          serial_undead_c, serial_shops, shop_statue, shop_fountains,
          nicolae_shop_stone, lightli_airlock, uniq_louise
Temple:   compressed_dpeg_circular_temple
Lair:1:   layout_gridlike
Lair:2:   layout_cave_pods, elwin_shoals_entry_rocks,
          nicolae_lair_grazing_beasts [nicolae_sub_lair_graze_edge,
          nicolae_sub_lair_graze_edge, nicolae_sub_lair_graze_edge,
          nicolae_sub_lair_graze_edge]
Lair:3:   layout_small_grid, guppyfry_snake_entry_island, lemuel_fruit_tree,
          infiniplex_staircase_pool, uniq_rupert
Lair:4:   layout_small_grid
Lair:5:   layout_roguey, dpeg_slime_entry_corner, ebering_ghost_reflecting_pool
Lair:6:   gammafunk_lair_ancient_temple, layout_regular_city
Shoals:1: layout_shoals, ebering_ghost_disaster_area, serial_shops,
          nicolae_shop_waterfront, uniq_mlioglotl
Orc:1:    layout_diamond_mine, serial_shops, nicolae_shop_advertising_works
          [nicolae_subvault_shop_adworks]
Orc:2:    grunt_orc_community_town_hall, layout_caves,
          grunt_orc_community_big_house_1, grunt_orc_community_big_house_1,
          grunt_orc_community_house_1, grunt_orc_community_house_1,
          grunt_orc_community_house_1, grunt_orc_community_house_2,
          grunt_orc_community_house_1, grunt_orc_community_house_1

Skill      XL: |  1  2  3  4  5  6  7  8  9 10 11 12 13 14 15 |
---------------+----------------------------------------------+-----
Throwing       | 4 5 6 7 8 9 |  9.0
Unarmed Combat | 1 2 3 4 6 8 10 11 12 13 14 15 16 | 16.0
Dodging        | 2 3 4 5 6 8 9 10 11 | 11.0
Fighting       | 2 3 4 5 6 7 8 |  8.4
Stealth        | 1 2 3 |  3.9
Armour         | 1 3 4 5 6 7 |  7.0
Invocations    | 1 3 4 5 7 |  7.9
Translocations | 2 3 4 |  4.4
Spellcasting   | 2 |  2.9
Shields        | 3 |  3.0
Earth Magic    | 2 |  2.1
Transmutations | 1 |  1.6

Action                   |  1- 3 |  4- 6 |  7- 9 | 10-12 | 13-15 || total
-------------------------+-------+-------+-------+-------+-------++-------
Melee: Unarmed           |    62 |   158 |   259 |   576 |  1027 ||  2082
       Punch             |       |     6 |    10 |    35 |    84 ||   135
Throw: Large rock        |       |       |       |     8 |    45 ||    53
Invok: Slouch            |       |       |       |       |    17 ||    17
  Use: Scroll            |       |       |     6 |     2 |    10 ||    18
       Potion            |       |       |       |     6 |     8 ||    14
 Stab: Sleeping          |     1 |     2 |     3 |     3 |    22 ||    31
       Invisible         |       |       |       |     4 |     2 ||     6
       Distracted        |       |       |       |     1 |     2 ||     3
Armor: Robe              |    22 |    46 |    54 |    58 |       ||   180
       Acid dragon scale |       |       |       |   113 |   111 ||   224
       Steam dragon scal |       |       |       |       |   133 ||   133
Dodge: Dodged            |    40 |    77 |   144 |   615 |  1155 ||  2031
Block: Other             |       |       |       |       |     9 ||     9
       Reflection        |       |       |       |       |     9 ||     9
       Kite shield       |       |       |       |       |   333 ||   333

Table legend: (Time is in decaauts)
 A = Elapsed time spent in this place.
 B = Non-inter-level travel time spent in this place.
 C = Inter-level travel time spent in this place.
 D = Time resting spent in this place.
 E = Time spent auto-exploring this place.
 F = Levels seen in this place.
 G = Mean time per level.
                   A        B        C        D        E       F      G
               +--------+--------+--------+--------+--------+-----+--------+
         Total |  36416 |  31287 |   5129 |   1659 |  23964 |  26 | 1400.6 |
       Dungeon |  21413 |  17258 |   4155 |   1106 |  13100 |  14 | 1529.5 |
        Temple |    169 |    126 |     43 |      2 |     65 |   1 |  169.0 |
          Lair |  10741 |  10020 |    721 |    276 |   8214 |   6 | 1790.2 |
        Shoals |     14 |     14 |      0 |      0 |      0 |   1 |   14.0 |
  Orcish Mines |   3029 |   2820 |    209 |    131 |   2107 |   2 | 1514.5 |
       Ossuary |    259 |    259 |      0 |      0 |    169 |   1 |  259.0 |
      Ice Cave |    788 |    788 |      0 |    144 |    308 |   1 |  788.0 |
               +--------+--------+--------+--------+--------+-----+--------+

Top non-repeatable levels by time:
    D:14: 2842 daAuts
    D:11: 2783 daAuts
    D:12: 2322 daAuts
    D:10: 2282 daAuts
  Lair:6: 2148 daAuts
  Lair:2: 1956 daAuts
  Lair:3: 1921 daAuts
     D:7: 1880 daAuts
  Lair:5: 1789 daAuts
   Orc:2: 1719 daAuts
  Lair:1: 1576 daAuts
     D:9: 1503 daAuts
     D:6: 1413 daAuts
  Lair:4: 1349 daAuts
   Orc:1: 1310 daAuts
